 Dungeon Sprint DCSS version 0.22-a0-515-g75794bf (webtiles) character file.

4722 raistware the Basher (level 10, 0/66 HPs)
             Began as a Gargoyle Fighter on June 19, 2018.
             Was a High Priest of Makhleb.
             Slain by a seven-headed hydra (9 damage)
             ... in the Dungeon (Sprint IX: "|||||||||||||||||||||||||||||").
             The game lasted 00:07:27 (755 turns).

raistware the Basher (Gargoyle Fighter)              Turns: 755, Time: 00:07:28

Health: 0/66       AC: 19    Str: 26    XL:     10   Next: 45%
Magic:  10/12      EV: 14    Int:  9    God:    Makhleb [*****.]
Gold:   0          SH:  9    Dex:  9    Spells: 3/9 levels left

rFire    . . .     SeeInvis .   s - +0 flail
rCold    . . .     Gourm    .   c - +0 shield
rNeg     + . .     Faith    .   q - +1 scale mail
rPois    ∞         Spirit   .   (no helmet)
rElec    +         Reflect  .   (no cloak)
rCorr    .         Harm     .   (no gloves)
MR       .....     NoTele   +   a - +0 pair of boots
Stlth    ..........             (no amulet)
HPRegen  0.21/turn              b - +2 ring of evasion
MPRegen  0.13/turn              r - +3 ring of strength

@: very slightly contaminated
A: negative energy resistance 1, electricity resistance, unbreathing,
petrification resistance, rot immunity, AC +7
a: Minor Destruction, Lesser Servant of Makhleb, Major Destruction, Greater
Servant of Makhleb, Renounce Religion


You were in the Dungeon.
You worshipped Makhleb.
Makhleb was extremely pleased with you.
You were not hungry.

You visited 1 branch

Inventory:

Hand Weapons
 o - a +2 dire flail of crushing
 p - the +2 scimitar of Outrage {holy, -Tele rPois SInv}
   (You found it in the Dungeon)

   It has been blessed by the Shining One to cause great damage to the undead
   and demons.
   It protects you from poison.
   It lets you see invisible.
   It prevents most forms of teleportation.
 s - a +0 flail (weapon)
Armour
 a - a +0 pair of boots (worn)
 c - a +0 shield (worn)
 q - a +1 scale mail (worn)
Jewellery
 b - a +2 ring of evasion (left hand)
 r - a +3 ring of strength (right hand)
Wands
 n - a wand of iceblast (2)
Scrolls
 j - 4 scrolls of remove curse
 k - 2 scrolls of blinking
 m - 2 scrolls of amnesia
 t - a scroll of fear
 u - a scroll of identify
Potions
 d - 2 potions of heal wounds
 e - 6 potions of curing
 h - a potion of brilliance
 i - 4 potions of magic
Comestibles
 f - a ration
 g - 4 chunks of flesh


   Skills:
 + Level 9.4 Fighting
 - Level 14.1 Maces & Flails
 + Level 13.2 Armour
 + Level 10.2 Dodging
 - Level 3.2 Shields
 + Level 4.6 Hexes
 + Level 3.0 Invocations


You had 3 spell levels left.
You knew the following spells:

 Your Spells              Type           Power        Failure   Level  Hunger
a - Invisibility          Hex            #.......     100%        6    #######

Your spell library contained the following spells:

 Spells                   Type           Power        Failure   Level  Hunger
 Dragon Form              Tmut           #.........   100%        7    #######
 Corona                   Hex            #......      47%         1    ##.....
 Summon Mana Viper        Hex/Summ       #.......     100%        5    ######.


Dungeon Overview and Level Annotations

Branches:
Dungeon (1/1)

Altars:
Cheibriados
Dithmenos
Elyvilon
Fedhas
Gozag
Hepliaklqana
Kikubaaqudgha
Makhleb
Nemelex Xobeh
Okawaru
Qazlal
Ru
Sif Muna
Trog
Uskayaw
Vehumet
Wu Jian
Xom
Yredelemnul
Zin
The Shining One
Beogh
Jiyva
Lugonu


Innate Abilities, Weirdness & Mutations

You are resistant to torment.
Your stone body is resilient. (AC +7)
You are immune to poison.
You resist negative energy. (rN+)
You are resistant to electric shocks. (rElec)
You can survive without breathing.
You are immune to petrification.
You are immune to rotting.


Message History

The seven-headed hydra is almost dead.
You barely miss the seven-headed hydra.
The seven-headed hydra is almost dead.
The blink frog blinks!
You thump the seven-headed hydra!
The seven-headed hydra is almost dead.
The seven-headed hydra closely misses you.
The seven-headed hydra bites you but does no damage.
The seven-headed hydra bites you!
* * * LOW HITPOINT WARNING * * *
The seven-headed hydra bites you.
* * * LOW HITPOINT WARNING * * *
The seven-headed hydra bites you!
* * * LOW HITPOINT WARNING * * *
The seven-headed hydra bites you but does no damage.
You block the seven-headed hydra's attack.
You hit the seven-headed hydra but do no damage.
The seven-headed hydra is almost dead.
The seven-headed hydra bites you!
You die...

▓▓▓▓▓▓▓▓▓▓▓▓▓▓▓▓▓▓▓▓▓▓▓▓▓▓▓▓▓▓▓▓▓
_____________________'.....'..÷.)
▓▓▓▓▓▓▓▓▓▓▓▓▓▓▓▓▓▓▓▓▓▓▓▓▓▓▓▓▓▓▓▓▓
.................................
▓▓▓▓▓▓▓▓▓▓▓▓▓▓▓▓▓▓▓▓▓▓▓▓▓▓▓▓▓▓▓▓▓
SSth..D..FSS.thD@.....§F......'..
▓▓▓▓▓▓▓▓▓▓▓▓▓▓▓▓▓▓▓▓▓▓▓▓▓▓▓▓▓▓▓▓▓


You could see a seven-headed hydra, a polar bear, 2 blink frogs, 2 water
moccasins and a crocodile.

Vanquished Creatures
  3 hydras (D)
  3 spiny frogs (D)
  An efreet (D)
  2 trolls (D)
  A hippogriff (D)
  A wyvern (D)
  An orc warrior (D)
  A porcupine (D)
  A black bear (D)
  2 bullfrogs (D)
  A killer bee (D)
  A quasit (D)
  A hound (D)
  3 worker ants (D)
  An adder (D)
  A shadow imp (D)
  A dart slug (D)
  A leopard gecko (D)
  A giant cockroach (D)
  A kobold (D)
  A ball python skeleton (D)
  A bat (D)
30 creatures vanquished.

Vanquished Creatures (others)
  A cyclops (D)
  A troll (D)
  An adder zombie (D)
3 creatures vanquished.

Grand Total: 33 creatures vanquished

Notes
Turn   | Place    | Note
-------+----------+-------------------------------------------
     0 | D        | raistware the Gargoyle Fighter began the quest for the Orb.
     0 | D        | Reached XP level 1. HP: 14/14 MP: 1/1
    15 | D        | Reached skill level 3 in Maces & Flails
    17 | D        | Reached skill level 4 in Maces & Flails
    18 | D        | Reached XP level 2. HP: 16/19 MP: 2/2
    72 | D        | Reached skill level 6 in Maces & Flails
    72 | D        | Reached XP level 3. HP: 23/23 MP: 3/3
    81 | D        | Reached skill level 7 in Maces & Flails
    89 | D        | Reached skill level 8 in Maces & Flails
    89 | D        | Reached XP level 4. HP: 11/28 MP: 4/4
   110 | D        | Reached skill level 9 in Maces & Flails
   126 | D        | Found a roughly hewn altar of Beogh.
   126 | D        | Found a snail-covered altar of Cheibriados.
   126 | D        | Found a shadowy altar of Dithmenos.
   126 | D        | Found a white marble altar of Elyvilon.
   126 | D        | Found a blossoming altar of Fedhas.
   126 | D        | Found an opulent altar of Gozag.
   127 | D        | Found a hazy altar of Hepliaklqana.
   128 | D        | Found a viscous altar of Jiyva.
   129 | D        | Found an ancient bone altar of Kikubaaqudgha.
   130 | D        | Found a corrupted altar of Lugonu.
   131 | D        | Found a burning altar of Makhleb.
   132 | D        | Found a sparkling altar of Nemelex Xobeh.
   133 | D        | Found an iron altar of Okawaru.
   134 | D        | Found a stormy altar of Qazlal.
   135 | D        | Found a sacrificial altar of Ru.
   136 | D        | Found a deep blue altar of Sif Muna.
   137 | D        | Found a bloodstained altar of Trog.
   138 | D        | Found a hide-covered altar of Uskayaw.
   139 | D        | Found a radiant altar of Vehumet.
   140 | D        | Found an ornate altar of the Wu Jian Council.
   141 | D        | Found a shimmering altar of Xom.
   142 | D        | Found a basalt altar of Yredelemnul.
   143 | D        | Found a glowing silver altar of Zin.
   144 | D        | Found a glowing golden altar of the Shining One.
   163 | D        | Became a worshipper of Makhleb the Destroyer
   186 | D        | Got the +2 scimitar of Outrage {holy, -Tele rPois SInv}
   228 | D        | Noticed a black bear
   228 | D        | Noticed a troll
   228 | D        | Noticed an orc warrior
   231 | D        | Reached XP level 5. HP: 32/32 MP: 5/5
   249 | D        | Killed an orc warrior
   249 | D        | Reached skill level 10 in Maces & Flails
   249 | D        | Reached skill level 5 in Armour
   252 | D        | Reached * piety under Makhleb
   252 | D        | Reached XP level 6. HP: 16/37 MP: 6/6
   283 | D        | Killed a troll
   283 | D        | Reached skill level 11 in Maces & Flails
   283 | D        | Reached skill level 5 in Dodging
   283 | D        | Reached XP level 7. HP: 33/41 MP: 7/7
   288 | D        | Reached ** piety under Makhleb
   309 | D        | Noticed a troll
   309 | D        | Noticed an efreet
   309 | D        | Noticed a cyclops
   309 | D        | Noticed a troll
   315 | D        | Killed a troll
   318 | D        | Killed a cyclops
   318 | D        | Reached skill level 12 in Maces & Flails
   329 | D        | Killed an efreet
   329 | D        | Reached skill level 10 in Armour
   329 | D        | Reached XP level 8. HP: 41/46 MP: 8/8
   336 | D        | Killed a troll
   438 | D        | Got the Catalogue of Shifting Beguiling
   446 | D        | Learned a level 6 spell: Invisibility
   458 | D        | Noticed a spiny frog
   458 | D        | Noticed a spiny frog
   458 | D        | Noticed a six-headed hydra
   458 | D        | Noticed a hippogriff
   461 | D        | Noticed a wyvern
   466 | D        | Killed a hippogriff
   466 | D        | Reached *** piety under Makhleb
   466 | D        | Reached skill level 13 in Maces & Flails
   466 | D        | Reached skill level 1 in Hexes
   468 | D        | Noticed a spiny frog
   472 | D        | Noticed a four-headed hydra
   482 | D        | Killed a six-headed hydra
   482 | D        | Reached skill level 5 in Fighting
   482 | D        | Reached XP level 9. HP: 29/55 MP: 9/9
   633 | D        | Killed a spiny frog
   638 | D        | Killed a four-headed hydra
   638 | D        | Reached **** piety under Makhleb
   642 | D        | Killed a spiny frog
   642 | D        | Reached skill level 14 in Maces & Flails
   642 | D        | Reached XP level 10. HP: 61/64 MP: 10/10
   666 | D        | Killed a spiny frog
   722 | D        | Noticed a four-headed hydra
   724 | D        | Noticed a seven-headed hydra
   725 | D        | Reached ***** piety under Makhleb
   751 | D        | Killed a four-headed hydra
   751 | D        | Reached skill level 10 in Dodging
   755 | D        | Slain by a seven-headed hydra

Vault maps used:
D:        linesprint

Skill      XL: |  1  2  3  4  5  6  7  8  9 10 |
---------------+-------------------------------+-----
Maces & Flails | 4 6 8 9 10 11 12 13 14 | 14.1
Armour         | 5 8 10 11 12 13 | 13.2
Dodging        | 3 5 7 8 9 10 | 10.2
Fighting       | 5 7 9 |  9.4
Hexes          | 3 4 |  4.6
Invocations    | 3 |  3.0
Shields        | |  3.2

Action                   |  1- 3 |  4- 6 |  7- 9 | 10-12 || total
-------------------------+-------+-------+-------+-------++-------
Melee: Flail             |    39 |    70 |    64 |    38 ||   211
Evoke: Wand              |       |       |     4 |     4 ||     8
  Use: Potion            |     2 |     6 |     1 |       ||     9
       Scroll            |       |       |     2 |     2 ||     4
 Stab: Invisible         |       |       |     1 |       ||     1
Armor: Scale mail        |    17 |    44 |    38 |    20 ||   119
Dodge: Dodged            |     8 |    47 |    54 |    19 ||   128
Block: Shield            |    17 |    54 |    26 |    18 ||   115

Table legend:
 A = Spawn XP
 B = Non-spawn XP
 C = Spawn XP percentage of total XP
 D = Spawn monster count
 E = Non-spawn monster count
 F = Spawn count percentage of total count
 G = Total turns spent on level
                    A         B        C        D         E        F      G
               +---------+---------+-------+---------+---------+-------+---------
         Total |       0 |    6747 |   0.0 |       0 |      32 |   0.0 |   755
               +---------+---------+-------+---------+---------+-------+---------
             D |       0 |    6747 |   0.0 |       0 |      32 |   0.0 |   755
               +---------+---------+-------+---------+---------+-------+---------
